 Dungeon Crawl Stone Soup version 0.31-a0-691-g409c26aa35 (webtiles) character file.

Game seed: 1944771888639713720

367 Turgor the Changeling (level 6, -3/88 HPs)
             Began as a Troll Shapeshifter on Sept 6, 2023.
             Slain by a killer bee (5 damage)
             ... on level 4 of the Dungeon.
             The game lasted 00:08:48 (2342 turns).

Turgor the Changeling (Troll Shapeshifter)          Turns: 2342, Time: 00:08:48

Health: -3/88      AC:  4    Str: 25    XL:     6   Next: 41%
Magic:  5/5        EV: 10    Int:  6    God:
Gold:   215        SH:  0    Dex:  9    Spells: 5/5 levels left

rFire   . .          .
                       - Unarmed
rCold   . . .        (no shield)
rNeg    . . .        a - +0 animal skin
rPois   .            (helmet currently unavailable)
rElec   .            (cloak currently unavailable)
rCorr   .            (gloves unavailable)
SInv    .            (boots unavailable)
Will    .....        (no amulet) Stlth
                     (no ring)
HPRegen 1.14/turn    (no ring)
MPRegen 0.09/turn

%: no passive effects
@: berserking, lethally poisoned (-3 -> -9), beast-form, very quick
A: beast (slay +2), large, unfitting armour, claws 3, regeneration 1, shaggy fur
1, tough skin 1
a: Begin Untransformation


You were on level 4 of the Dungeon.
You were a hulking beast.
You visited 1 branch of the dungeon, and saw 4 of its levels.
You also visited: Sewer.

You collected 215 gold pieces.

Inventory:

Missiles
 e - 52 stones (quivered)
 g - 2 curare-tipped darts
Armour
 a - a +0 animal skin (worn)
 x - a scarf of invisibility
Talismans
 c - a beast talisman (active)
 d - a flux talisman
Scrolls
 h - a scroll of revelation {unknown}
 i - a scroll of enchant weapon {unknown}
 k - a scroll of brand weapon {unknown}
 l - a scroll of enchant armour {unknown}
 s - a scroll of silence {unknown}
 t - a scroll of torment {unknown}
 u - a scroll of fear
 w - a scroll of teleportation {unknown}
 y - a scroll of noise {unknown}
Potions
 f - 2 potions of attraction
 p - a potion of mutation {unknown}
 q - a potion of magic {unknown}
 r - a potion of invisibility {unknown}
 v - a potion of brilliance {unknown}
 z - 2 potions of might {unknown}


   Skills:
 + Level 2.4 Fighting
 + Level 2.8 Dodging
 + Level 4.1 Unarmed Combat
 * Level 4.8 Shapeshifting


You had 5 spell levels left.
You didn't know any spells.
Your spell library was empty.

Dungeon Overview and Level Annotations

Branches:
Dungeon (4/15)              Sewer (visited)
 Temple: D:4-7

Altars:
Elyvilon
Fedhas
Sif Muna

Shops:
D:1 [   D:4 :


Innate Abilities, Weirdness & Mutations

You are a hulking beast.
Your limbs bulge with bestial killing power. (Slay +2)
You are too large for most types of armour.
You have claws for hands.
Your natural rate of healing is unusually fast.
You are covered in fur. (AC +1)
You have tough skin. (AC +1)


Message History

You are more poisoned.
The killer bee poisons you!
You claw the killer bee!
The killer bee is heavily wounded.
You feel very sick. The killer bee stings you.
* * * LOW HITPOINT WARNING * * *
You are lethally poisoned!
The killer bee poisons you! The killer bee barely misses you.
It was a potion of berserk rage.
A red film seems to cover your vision as you go berserk!
You feel yourself moving faster!
You feel mighty!
You feel very sick. The killer bee stings you.
* * * LOW HITPOINT WARNING * * *
The killer bee stings you.
* * * LOW HITPOINT WARNING * * *
You are lethally poisoned!
The killer bee poisons you!
You are too berserk!
You are too berserk!
Unknown command.
You are too berserk!
Unknown command.
You closely miss the killer bee.
The killer bee is heavily wounded.
* * * LOW HITPOINT WARNING * * *
You feel very sick. The killer bee closely misses you.
You closely miss the killer bee.
The killer bee is heavily wounded.
* * * LOW HITPOINT WARNING * * *
You feel very sick. The killer bee barely misses you.
You barely miss the killer bee.
The killer bee is heavily wounded.
* * * LOW HITPOINT WARNING * * *
You feel very sick. The killer bee barely misses you.
The killer bee stings you.
You die...

#.## #.##.# #..# #.##.#
##.# ####.##.## #.#
#........#####.# #.#
#).............#
#.###..#.##....#########
#...>..#.......y........
#####.##..#####y#.######
#.##..# #h#.# #.###.#
#.#y# #.# .# #.#y. #..
.# #.#.y ### ..#y..
###..#


You could see 2 killer bees.

Vanquished Creatures
  4 killer bees (D:4)
  A hound (D:4)
  6 adders
  3 river rats (Sewer)
  A worm (D:3)
  2 dart slugs (D:1)
  5 orcs (D:4)
  6 ball pythons
  4 bats
  6 endoplasms
  4 giant cockroaches
  4 goblins
  5 hobgoblins
  2 quokkas
  7 frilled lizards
  3 kobolds (D:3)
  12 rats
75 creatures vanquished.

Notes
Turn   | Place    | Note
-------+----------+-------------------------------------------
     0 | D:1      | Turgor the Troll Shapeshifter began the quest for the Orb.
     0 | D:1      | Reached XP level 1. HP: 18/18 MP: 0/0
    76 | D:1      | Found Raymm's Armour Shoppe.
   152 | D:1      | Reached skill level 1 in Fighting
   161 | D:1      | Reached XP level 2. HP: 27/27 MP: 1/1
   434 | D:2      | You fall into a shaft and drop 2 floors!
   444 | D:4      | Reached XP level 3. HP: 32/33 MP: 2/2
   544 | D:3      | Found a blossoming altar of Fedhas.
   552 | D:3      | Found a shimmering blue altar of Sif Muna.
   811 | D:3      | Reached XP level 4. HP: 41/41 MP: 3/3
   837 | D:3      | Found a glowing drain.
   844 | Sewer    | Entered a sewer
  1140 | Sewer    | Reached XP level 5. HP: 49/49 MP: 4/4
  1480 | D:2      | Found a white marble altar of Elyvilon.
  2243 | D:4      | Found Uluecave's Book Emporium.
  2303 | D:4      | Reached XP level 6. HP: 26/57 MP: 5/5
  2341 | D:4      | HP: 4/88 [poisoned by a killer bee]
  2342 | D:4      | Slain by a killer bee

Illustrated notes

Levels and vault maps discovered:
D:1:      minmay_arrival_shattered_statue, layout_rooms, serial_shops, shop,
          serial_rivers, chequers_serial_rivers_room_a,
          chequers_serial_rivers_micro_d, chequers_serial_rivers_micro_c,
          chequers_serial_rivers_micro_a
D:2:      layout_rooms, basic_altar, minmay_misc_feat_cross
D:3:      layout_loops_corners, amethyst_overflow_temple_binary, serial_glass,
          glass_columns_b, glass_columns_c, glass_columns_a, glass_columns_a,
          glass_columns_c, glass_columns_b, glass_columns_a, glass_columns_b,
          gup_sewer_entry_bubbles
D:4:      layout_loops_ring, serial_shops, nicolae_shop_rolled_up,
          nicolae_shop_trees, shop, shop, shop_statue, minmay_misc_feat_rugged

Skill      XL: |  1  2  3  4  5 |
---------------+----------------+-----
Fighting       | 1 2 |  2.4
Dodging        | 2 |  2.8
Shapeshifting  | 4 |  4.8
Unarmed Combat | 4 |  4.1

Action                     |  1- 3 |  4- 6 || total
---------------------------+-------+-------++-------
  Melee: Unarmed           |    45 |   141 ||   186
         Punch             |     3 |     4 ||     7
    Use: Scroll            |       |     4 ||     4
         Potion            |       |     5 ||     5
 Armour: Animal skin       |    27 |    60 ||    87
         Skin              |       |    60 ||    60
  Dodge: Dodged            |    12 |    59 ||    71

Table legend: (Time is in decaauts)
 A = Elapsed time spent in this place.
 B = Non-inter-level travel time spent in this place.
 C = Inter-level travel time spent in this place.
 D = Time resting spent in this place.
 E = Time spent auto-exploring this place.
 F = Levels seen in this place.
 G = Mean time per level.
                   A        B        C        D        E       F      G
               +--------+--------+--------+--------+--------+-----+--------+
         Total |   2328 |   2254 |     74 |      0 |   1444 |   5 |  465.6 |
       Dungeon |   1923 |   1849 |     74 |      0 |   1247 |   4 |  480.8 |
         Sewer |    405 |    405 |      0 |      0 |    197 |   1 |  405.0 |
               +--------+--------+--------+--------+--------+-----+--------+

Top non-repeatable levels by time:
     D:3: 929 daAuts
   Sewer: 405 daAuts
     D:1: 403 daAuts
     D:2: 344 daAuts
     D:4: 246 daAuts
